Arizona Coyotes vs Boston Bruins
Created - Sunday, February 25, 2024 at 07:14
Goals
|
| Arizona Coyotes |
1 |
3 |
2 |
6 |
| Boston Bruins |
0 |
2 |
0 |
2 |
|
Shots
|
| Arizona Coyotes |
12 |
11 |
13 |
36 |
| Boston Bruins |
12 |
15 |
8 |
35 |
|
1st period
1. Arizona Coyotes , Claude Giroux 5 (Mats Zuccarello 11, Charlie Coyle 9) at 6:02 (PP)
Penalties :
Luke Kunin (BOS) for Roughing (Minor) at 5:10, Tyson Barrie (BOS) for High sticking (Minor) at 18:54
2nd period
2. Arizona Coyotes , Brayden McNabb 1 (Charlie Coyle 10, Mats Zuccarello 12) at 0:44 (PP)
3. Boston Bruins , David Krejci 6 (Luke Kunin 6, Joel Farabee 9) at 5:14
4. Arizona Coyotes , Charlie Coyle 5 (Mats Zuccarello 13, Claude Giroux 10) at 5:29
5. Arizona Coyotes , Mason McTavish 5 (Johnathan Kovacevic 1, Radko Gudas 3) at 12:35
6. Boston Bruins , Jack Studnicka 2 (Morgan Geekie 2, Otto Koivula 3) at 15:04
Penalties :
Charlie McAvoy (BOS) for Diving (Minor) at 12:46, Dmitry Orlov (AZC) for Interference (Minor) at 15:07
3rd period
7. Arizona Coyotes , Mason McTavish 6 (Tyler Seguin 10) at 6:57
8. Arizona Coyotes , James van Riemsdyk 2 (Mason McTavish 9, Tyler Seguin 11) at 9:11 (PP)
Penalties :
Joel Farabee (BOS) for Slashing (Minor) at 7:31, Tyson Barrie (BOS) for Hooking (Minor) at 14:45, Jani Hakanpaa (AZC) for Unsportsmanlike conduct (Minor) at 18:58
Goalie Stats
Carter Hart (AZC), 33 saves from 35 shots - (0.943), W, 6-10-0, 60:00 minutes
Leevi Merilainen (BOS), 30 saves from 36 shots - (0.833), L, 2-3-1, 60:00 minutes
Players Stats for Arizona Coyotes
Player Name G A P +/- PIM S H SB GA TA FO MP PP MP PK MP
------------------------------------------------------------------------------------
Alex Belzile 0 0 0 -1 0 0 0 0 0 0 1/1 7:27 0:00 0:00
Brandon Tanev 0 0 0 0 0 0 1 1 0 0 0/0 10:58 0:09 0:00
Brayden McNabb 1 0 1 -2 0 3 1 1 0 1 0/0 22:58 4:33 0:55
Charlie Coyle 1 2 3 0 0 6 3 0 1 0 17/25 20:58 3:27 1:29
Claude Giroux 1 1 2 0 0 4 1 0 2 1 1/2 20:48 3:27 1:29
Dmitry Orlov 0 0 0 0 2 0 2 0 1 1 0/0 23:03 3:47 0:52
Erik Haula 0 0 0 0 0 3 1 0 0 0 4/7 10:58 0:09 0:00
Jakob Silfverberg 0 0 0 -1 0 2 0 0 0 0 0/1 8:05 0:09 0:00
James van Riemsdyk 1 0 1 2 0 2 2 2 0 0 2/3 19:16 4:44 0:00
Jani Hakanpaa 0 0 0 0 2 0 3 2 1 2 0/0 23:22 3:47 1:13
Jared Spurgeon 0 0 0 -2 0 1 1 3 0 1 0/0 24:16 4:33 2:15
Johnathan Kovacevic 0 1 1 3 0 0 0 2 0 0 0/0 12:31 0:00 0:00
Logan Shaw 0 0 0 -1 0 2 0 0 0 0 1/2 7:27 0:00 0:00
Mason McTavish 2 1 3 2 0 4 0 1 2 1 2/2 19:22 4:44 0:00
Mats Zuccarello 0 3 3 0 0 6 0 0 2 0 2/3 20:48 3:27 1:31
Ondrej Palat 0 0 0 0 0 2 2 1 2 0 0/0 10:36 0:00 0:00
Radko Gudas 0 1 1 3 0 1 1 1 0 0 0/0 13:18 0:00 0:45
Tyler Seguin 0 2 2 2 0 0 0 1 0 0 13/21 20:47 4:44 1:31
Players Stats for Boston Bruins
Player Name G A P +/- PIM S H SB GA TA FO MP PP MP PK MP
------------------------------------------------------------------------------------
Anthony Beauvillier 0 0 0 -1 0 4 3 0 2 0 0/1 20:01 1:30 4:09
Brandon Hagel 0 0 0 -1 0 4 1 1 2 0 0/5 19:59 1:30 4:04
Cam York 0 0 0 0 0 0 1 0 0 1 0/0 22:25 1:34 4:12
Charlie McAvoy 0 0 0 -1 2 4 2 0 0 1 0/0 21:22 1:26 3:09
David Krejci 1 0 1 -1 0 3 1 0 2 0 15/31 19:47 1:30 4:09
Jack Studnicka 1 0 1 1 0 1 1 0 0 0 0/0 7:27 0:00 0:00
Joe Veleno 0 0 0 0 0 0 1 0 0 0 0/0 12:40 0:00 0:00
Joel Farabee 0 1 1 -1 2 4 1 0 0 2 0/1 15:37 1:30 0:00
John-Jason Peterka 0 0 0 0 0 1 0 0 0 0 0/0 12:47 0:00 0:07
Luke Kunin 0 1 1 -1 2 0 3 1 0 1 0/0 15:37 1:30 0:00
Matt Grzelcyk 0 0 0 0 0 0 1 0 0 1 0/0 14:48 0:00 0:31
Morgan Geekie 0 1 1 1 0 1 1 0 0 0 3/6 7:27 0:00 0:00
Otto Koivula 0 1 1 1 0 3 0 0 1 0 1/1 7:27 0:00 0:00
Pavel Zacha 0 0 0 -1 0 2 3 2 0 1 5/16 19:59 1:30 4:04
Ryan Donato 0 0 0 0 0 4 0 0 0 1 0/6 12:47 0:00 0:07
Samuel Bolduc 0 0 0 0 0 2 0 1 0 2 0/0 16:19 0:00 2:25
Samuel Girard 0 0 0 0 0 1 0 3 0 1 0/0 23:25 1:34 4:13
Tyson Barrie 0 0 0 -1 4 1 0 0 0 0 0/0 21:41 1:26 2:10
3 Stars
1 - Mason McTavish (AZC)
2 - Charlie Coyle (AZC)
3 - James van Riemsdyk (AZC)
Power Play
Arizona Coyotes - 3 on 5 Attempt(s) - 60.00%
Boston Bruins - 0 on 2 Attempt(s) - 0.00%
Penalty Kill
Arizona Coyotes - 2 on 2 Attempt(s) - 100.00%
- Score 0 goal in Penalty Kill
Boston Bruins - 2 on 5 Attempt(s) - 40.00%
- Score 0 goal in Penalty Kill
Team Stat
Arizona Coyotes - Hits : 18 - Faceoff Wins : 43 - Blocked Shots : 15 - Penalty Minutes : 4
Boston Bruins - Hits : 19 - Faceoff Wins : 24 - Blocked Shots : 8 - Penalty Minutes : 10
Official
Referees : Steve Kozari and Dave Lewis
Linesman : Darren Gibbs and Mike Cvik
Game Notes
No Game Note
Finance
Level 1 -- Attendance: 4918 (81.97%) -- Ticket Income $491,800
Level 2 -- Attendance: 3914 (78.28%) -- Ticket Income $234,840
Level 3 -- Attendance: 2067 (68.90%) -- Ticket Income $72,345
Level 4 -- Attendance: 3957 (79.14%) -- Ticket Income $98,925
Luxury Box -- Attendance: 785 (78.50%) -- Ticket Income $157,000
Game was played at the TD Garden.
Total Attendance: 15641 (78.21%)
Total Ticket Income: $1,054,910
Other Income: $369,218
Total Income: $1,424,128
Arizona Coyotes
5 vs 5 Forward
Center Left Wing Right Wing Time % Phy DF OF
1 Charlie Coyle Mats Zuccarello Claude Giroux 33 1 2 2
2 Tyler Seguin Mason McTavish James van Riemsdyk 33 1 2 2
3 Erik Haula Ondrej Palat Brandon Tanev 20 1 2 2
4 Logan Shaw Jakob Silfverberg Alex Belzile 14 1 2 2
5 vs 5 Defense
Defense Defense Time % Phy DF OF
1 Dmitry Orlov Jani Hakanpaa 35 1 3 1
2 Jared Spurgeon Brayden McNabb 35 1 3 1
3 Radko Gudas Johnathan Kovacevic 25 1 3 1
4 Dmitry Orlov Jani Hakanpaa 5 1 2 2
PowerPlay Forward
Center Left Wing Right Wing Time % Phy DF OF
1 Charlie Coyle Mats Zuccarello Claude Giroux 50 0 2 3
2 Tyler Seguin Mason McTavish James van Riemsdyk 50 0 2 3
PowerPlay Defense
Defense Defense Time % Phy DF OF
1 Dmitry Orlov Jani Hakanpaa 50 1 2 2
2 Jared Spurgeon Brayden McNabb 50 1 2 2
Penalty Kill 4 Players Forward
Center Wing Time % Phy DF OF
1 Charlie Coyle Claude Giroux 50 1 3 1
2 Mats Zuccarello Tyler Seguin 50 1 2 2
Penalty Kill 4 Players Defense
Defense Defense Time % Phy DF OF
1 Dmitry Orlov Jani Hakanpaa 50 1 3 1
2 Jared Spurgeon Brayden McNabb 50 1 3 1
Penalty Kill - 3 Players Forward
Forward Time % Phy DF OF
1 Mason McTavish 50 1 2 2
2 Erik Haula 50 1 2 2
Penalty Kill - 3 Players Defense
Defense Defense Time % Phy DF OF
1 Dmitry Orlov Jani Hakanpaa 50 1 3 1
2 Jared Spurgeon Brayden McNabb 50 1 3 1
4 vs 4 Forward
Center Wing Time % Phy DF OF
1 Charlie Coyle Claude Giroux 50 1 2 2
2 Mats Zuccarello Tyler Seguin 50 1 2 2
4 vs 4 Defense
Defense Defense Time % Phy DF OF
1 Dmitry Orlov Jani Hakanpaa 50 1 2 2
2 Jared Spurgeon Brayden McNabb 50 1 2 2
Last Minutes Offensive
Center Left Wing Right Wing Defense Defense
Charlie Coyle Mats Zuccarello Claude Giroux Dmitry Orlov Jani Hakanpaa
Last Minutes Defensive
Center Left Wing Right Wing Defense Defense
Charlie Coyle Mats Zuccarello Claude Giroux Dmitry Orlov Jani Hakanpaa
Goaltenders
Starting : Carter Hart
Backup : Kaapo Kahkonen
Extra Forwards
Normal : Charlie Coyle, Erik Haula, Ondrej Palat - PP : Claude Giroux, Erik Haula - PK : Ondrej Palat
Extra Defensemen
Normal : Radko Gudas, Dmitry Orlov, Jared Spurgeon - PP : Radko Gudas - PK : Jani Hakanpaa, Jared Spurgeon
Penalty Shots
Charlie Coyle, Claude Giroux, Mats Zuccarello, Tyler Seguin, Mason McTavish
Boston Bruins
5 vs 5 Forward
Center Left Wing Right Wing Time % Phy DF OF
1 Pavel Zacha Brandon Hagel Anthony Beauvillier 30 1 2 2
2 David Krejci Luke Kunin Joel Farabee 30 1 2 2
3 Ryan Donato Joe Veleno John-Jason Peterka 25 1 2 2
4 Morgan Geekie Otto Koivula Jack Studnicka 15 1 2 2
5 vs 5 Defense
Defense Defense Time % Phy DF OF
1 Charlie McAvoy Tyson Barrie 35 1 2 2
2 Samuel Girard Cam York 35 1 2 2
3 Matt Grzelcyk Samuel Bolduc 30 1 2 2
4 Charlie McAvoy Tyson Barrie 0 1 2 2
PowerPlay Forward
Center Left Wing Right Wing Time % Phy DF OF
1 Pavel Zacha Brandon Hagel Anthony Beauvillier 50 1 2 2
2 David Krejci Luke Kunin Joel Farabee 50 1 2 2
PowerPlay Defense
Defense Defense Time % Phy DF OF
1 Charlie McAvoy Tyson Barrie 50 1 2 2
2 Samuel Girard Cam York 50 1 2 2
Penalty Kill 4 Players Forward
Center Wing Time % Phy DF OF
1 Brandon Hagel Pavel Zacha 50 1 2 2
2 David Krejci Anthony Beauvillier 50 1 2 2
Penalty Kill 4 Players Defense
Defense Defense Time % Phy DF OF
1 Charlie McAvoy Tyson Barrie 50 1 2 2
2 Samuel Girard Cam York 50 1 2 2
Penalty Kill - 3 Players Forward
Forward Time % Phy DF OF
1 Brandon Hagel 50 1 2 2
2 Pavel Zacha 50 1 2 2
Penalty Kill - 3 Players Defense
Defense Defense Time % Phy DF OF
1 Charlie McAvoy Tyson Barrie 50 1 2 2
2 Samuel Girard Cam York 50 1 2 2
4 vs 4 Forward
Center Wing Time % Phy DF OF
1 Brandon Hagel Pavel Zacha 50 1 2 2
2 David Krejci Anthony Beauvillier 50 1 2 2
4 vs 4 Defense
Defense Defense Time % Phy DF OF
1 Charlie McAvoy Tyson Barrie 50 1 2 2
2 Samuel Girard Cam York 50 1 2 2
Last Minutes Offensive
Center Left Wing Right Wing Defense Defense
Pavel Zacha Brandon Hagel Anthony Beauvillier Charlie McAvoy Tyson Barrie
Last Minutes Defensive
Center Left Wing Right Wing Defense Defense
Pavel Zacha Brandon Hagel Anthony Beauvillier Charlie McAvoy Tyson Barrie
Goaltenders
Starting : Leevi Merilainen
Backup : Olivier Rodrigue
Extra Forwards
Normal : Ryan Donato, Joe Veleno, John-Jason Peterka - PP : Ryan Donato, Joe Veleno - PK : John-Jason Peterka
Extra Defensemen
Normal : Matt Grzelcyk, Samuel Bolduc, Samuel Girard - PP : Matt Grzelcyk - PK : Samuel Bolduc, Samuel Girard
Penalty Shots
Brandon Hagel, Pavel Zacha, David Krejci, Anthony Beauvillier, Luke Kunin
% Time on Ice - Arizona Coyotes
Lines # - Real PCT - Wanted PCT - Time Play
Normal Forward
1 - 33% - 33% - 15:52
2 - 30% - 33% - 14:45
3 - 22% - 20% - 10:36
4 - 15% - 14% - 7:27
Normal Defense
1 - 37% - 35% - 17:55
2 - 36% - 35% - 17:28
3 - 26% - 25% - 12:31
4 - 2% - 5% - 0:46
PP Forward
1 - 41% - 50% - 3:27
2 - 59% - 50% - 4:53
PP Defense
1 - 45% - 50% - 3:47
2 - 55% - 50% - 4:33
PK Forward
1 - 49% - 50% - 1:29
2 - 51% - 50% - 1:31
PK Defense
1 - 80% - 50% - 2:24
2 - 20% - 50% - 0:36
PK3 Forward
1 - 0% - 50%
2 - 0% - 50%
PK3 Defense
1 - 0% - 50%
2 - 0% - 50%
44 Forward
1 - 0% - 50%
2 - 0% - 50%
44 Defense
1 - 0% - 50%
2 - 0% - 50%
Last Minute Offensive - 0:00
Last Minute Defensive - 0:00
Total
Forward - 60:00
Defense - 60:00
|
% Time on Ice - Boston Bruins
Lines # - Real PCT - Wanted PCT - Time Play
Normal Forward
1 - 30% - 30% - 14:25
2 - 29% - 30% - 14:08
3 - 26% - 25% - 12:40
4 - 15% - 15% - 7:27
Normal Defense
1 - 36% - 35% - 17:31
2 - 34% - 35% - 16:31
3 - 29% - 30% - 13:54
4 - 2% - 0% - 0:44
PP Forward
1 - 50% - 50% - 1:30
2 - 50% - 50% - 1:30
PP Defense
1 - 48% - 50% - 1:26
2 - 52% - 50% - 1:34
PK Forward
1 - 49% - 50% - 4:04
2 - 51% - 50% - 4:16
PK Defense
1 - 54% - 50% - 4:30
2 - 46% - 50% - 3:50
PK3 Forward
1 - 0% - 50%
2 - 0% - 50%
PK3 Defense
1 - 0% - 50%
2 - 0% - 50%
44 Forward
1 - 0% - 50%
2 - 0% - 50%
44 Defense
1 - 0% - 50%
2 - 0% - 50%
Last Minute Offensive - 0:00
Last Minute Defensive - 0:00
Total
Forward - 60:00
Defense - 60:00
|
Play-by-Play
1st period
0:01 of 1st period - Pavel Zacha wins face-off versus Charlie Coyle in neutral zone.
0:59 of 1st period - Joel Farabee is hit by Erik Haula and loses puck.
1:11 of 1st period - Ondrej Palat is hit by Charlie McAvoy and loses puck.
1:32 of 1st period - Snap shot by Erik Haula.
1:32 of 1st period - Stopped by Leevi Merilainen without a rebound.
1:33 of 1st period - Morgan Geekie wins face-off versus Jakob Silfverberg in Boston Bruins zone.
2:00 of 1st period - Snap shot by Brandon Hagel.
2:00 of 1st period - Stopped by Carter Hart with a rebound.
2:22 of 1st period - Snap shot by Charlie Coyle.
2:22 of 1st period - Shot Misses the Net.
2:24 of 1st period - Snap shot by Charlie Coyle.
2:24 of 1st period - Stopped by Leevi Merilainen without a rebound.
2:25 of 1st period - Morgan Geekie wins face-off versus Charlie Coyle in Boston Bruins zone.
2:29 of 1st period - Off-side.
2:30 of 1st period - Charlie Coyle wins face-off versus Morgan Geekie in neutral zone.
2:44 of 1st period - Snap shot by Charlie Coyle.
2:44 of 1st period - Deflect By Samuel Girard.
2:44 of 1st period - Stopped by Leevi Merilainen with a rebound.
3:02 of 1st period - Snap shot by Brandon Hagel.
3:02 of 1st period - Stopped by Carter Hart with a rebound.
3:31 of 1st period - Luke Kunin is hit by Dmitry Orlov and loses puck.
3:50 of 1st period - Wrist shot by Otto Koivula.
3:50 of 1st period - Stopped by Carter Hart with a rebound.
3:52 of 1st period - Slapshot by Samuel Bolduc.
3:52 of 1st period - Shot Blocked by Jared Spurgeon.
3:54 of 1st period - Wrist shot by Morgan Geekie.
3:54 of 1st period - Deflect By Otto Koivula.
3:54 of 1st period - Stopped by Carter Hart with a rebound.
5:10 of 1st period - Minor Penalty to Luke Kunin for Roughing.
5:11 of 1st period - Mats Zuccarello wins face-off versus Brandon Hagel in Boston Bruins zone.
5:18 of 1st period - Wrist shot by Mats Zuccarello.
5:18 of 1st period - Stopped by Leevi Merilainen without a rebound.
5:19 of 1st period - Charlie Coyle wins face-off versus Brandon Hagel in Boston Bruins zone.
6:02 of 1st period - Wrist shot by Claude Giroux.
6:02 of 1st period - Goal by Claude Giroux - Arizona Coyotes : 1 - Boston Bruins : 0.
6:03 of 1st period - Pavel Zacha wins face-off versus Tyler Seguin in neutral zone.
6:18 of 1st period - Wrist shot by Brandon Hagel.
6:18 of 1st period - Stopped by Carter Hart with a rebound.
6:30 of 1st period - Icing by James van Riemsdyk.
6:31 of 1st period - Tyler Seguin wins face-off versus Ryan Donato in Arizona Coyotes zone.
7:17 of 1st period - Snap shot by Ryan Donato.
7:17 of 1st period - Stopped by Carter Hart with a rebound.
7:27 of 1st period - Wrist shot by James van Riemsdyk.
7:27 of 1st period - Shot Misses the Net.
9:09 of 1st period - Snap shot by Ryan Donato.
9:09 of 1st period - Shot Misses the Net.
9:25 of 1st period - Wrist shot by John-Jason Peterka.
9:25 of 1st period - Shot Blocked by James van Riemsdyk.
9:27 of 1st period - Slapshot by Tyson Barrie.
9:27 of 1st period - Shot Blocked by Mason McTavish.
9:29 of 1st period - Snap shot by Ryan Donato.
9:29 of 1st period - Deflect By Mason McTavish.
9:29 of 1st period - Stopped by Carter Hart with a rebound.
9:31 of 1st period - Slapshot by Charlie McAvoy.
9:31 of 1st period - Stopped by Carter Hart with a rebound.
9:33 of 1st period - Slapshot by Charlie McAvoy.
9:33 of 1st period - Stopped by Carter Hart with a rebound.
9:41 of 1st period - Snap shot by Ryan Donato.
9:41 of 1st period - Stopped by Carter Hart without a rebound.
9:42 of 1st period - Mats Zuccarello wins face-off versus David Krejci in Arizona Coyotes zone.
9:49 of 1st period - Snap shot by Claude Giroux.
9:49 of 1st period - Stopped by Leevi Merilainen with a rebound.
9:51 of 1st period - Snap shot by Charlie Coyle.
9:51 of 1st period - Stopped by Leevi Merilainen with a rebound.
9:55 of 1st period - Snap shot by Charlie Coyle.
9:55 of 1st period - Stopped by Leevi Merilainen without a rebound.
9:56 of 1st period - Charlie Coyle wins face-off versus Pavel Zacha in Boston Bruins zone.
10:09 of 1st period - Snap shot by Mats Zuccarello.
10:09 of 1st period - Stopped by Leevi Merilainen with a rebound.
10:12 of 1st period - Icing by Pavel Zacha.
10:13 of 1st period - Erik Haula wins face-off versus Pavel Zacha in Boston Bruins zone.
10:20 of 1st period - Snap shot by Ondrej Palat.
10:20 of 1st period - Shot Blocked by Brandon Hagel.
11:40 of 1st period - Slapshot by Mats Zuccarello.
11:40 of 1st period - Stopped by Leevi Merilainen without a rebound.
11:41 of 1st period - Erik Haula wins face-off versus David Krejci in Boston Bruins zone.
12:04 of 1st period - Erik Haula is hit by Luke Kunin and loses puck.
12:15 of 1st period - Wrist shot by David Krejci.
12:15 of 1st period - Stopped by Carter Hart with a rebound.
12:17 of 1st period - Slapshot by Samuel Bolduc.
12:17 of 1st period - Shot Blocked by Ondrej Palat.
12:19 of 1st period - Snap shot by Joel Farabee.
12:19 of 1st period - Shot Blocked by Brandon Tanev.
12:21 of 1st period - Slapshot by Samuel Bolduc.
12:21 of 1st period - Shot Blocked by Jared Spurgeon.
14:18 of 1st period - Off-side.
14:19 of 1st period - Charlie Coyle wins face-off versus Morgan Geekie in neutral zone.
14:24 of 1st period - Snap shot by Mats Zuccarello.
14:24 of 1st period - Shot Misses the Net.
14:55 of 1st period - Backhand shot by Jakob Silfverberg.
14:55 of 1st period - Shot Blocked by Pavel Zacha.
16:00 of 1st period - Logan Shaw is hit by Cam York and loses puck.
16:18 of 1st period - Dmitry Orlov is hit by Anthony Beauvillier and loses puck.
17:15 of 1st period - Icing by Samuel Girard.
17:16 of 1st period - Charlie Coyle wins face-off versus Pavel Zacha in Boston Bruins zone.
17:23 of 1st period - Slapshot by Jakob Silfverberg.
17:23 of 1st period - Stopped by Leevi Merilainen with a rebound.
17:37 of 1st period - Mats Zuccarello is hit by Charlie McAvoy and loses puck.
17:42 of 1st period - Snap shot by Morgan Geekie.
17:42 of 1st period - Stopped by Carter Hart without a rebound.
17:43 of 1st period - Tyler Seguin wins face-off versus Morgan Geekie in Arizona Coyotes zone.
18:32 of 1st period - Wrist shot by John-Jason Peterka.
18:32 of 1st period - Shot Blocked by Brayden McNabb.
18:52 of 1st period - Slapshot by Mason McTavish.
18:52 of 1st period - Shot Misses the Net.
18:54 of 1st period - Minor Penalty to Tyson Barrie for High sticking.
18:55 of 1st period - Mason McTavish wins face-off versus David Krejci in Boston Bruins zone.
18:56 of 1st period - Snap shot by James van Riemsdyk.
18:56 of 1st period - Stopped by Leevi Merilainen without a rebound.
18:57 of 1st period - David Krejci wins face-off versus James van Riemsdyk in Boston Bruins zone.
18:57 of 1st period - David Krejci is hit by Jani Hakanpaa.
19:27 of 1st period - Dmitry Orlov is hit by Anthony Beauvillier and loses puck.
19:51 of 1st period - Off-side.
19:52 of 1st period - James van Riemsdyk wins face-off versus Brandon Hagel in neutral zone.
19:57 of 1st period - Snap shot by Tyler Seguin.
19:57 of 1st period - Shot Misses the Net.
Goals for this period are 1 for Arizona Coyotes vs 0 for Boston Bruins.
Shots for this period are 12 for Arizona Coyotes vs 12 for Boston Bruins.
2nd period
0:01 of 2nd period - Tyler Seguin wins face-off versus David Krejci in neutral zone.
0:12 of 2nd period - Snap shot by Tyler Seguin.
0:12 of 2nd period - Deflect By James van Riemsdyk.
0:12 of 2nd period - Shot Misses the Net.
0:12 of 2nd period - Puck is out of play.
0:13 of 2nd period - Tyler Seguin wins face-off versus David Krejci in Boston Bruins zone.
0:26 of 2nd period - Snap shot by Mason McTavish.
0:26 of 2nd period - Shot Misses the Net.
0:28 of 2nd period - Wrist shot by Brayden McNabb.
0:28 of 2nd period - Shot Misses the Net.
0:42 of 2nd period - Snap shot by Charlie Coyle.
0:42 of 2nd period - Stopped by Leevi Merilainen with a rebound.
0:44 of 2nd period - Slapshot by Brayden McNabb.
0:44 of 2nd period - Goal by Brayden McNabb - Arizona Coyotes : 2 - Boston Bruins : 0.
0:45 of 2nd period - David Krejci wins face-off versus Charlie Coyle in neutral zone.
0:51 of 2nd period - Off-side.
0:52 of 2nd period - David Krejci wins face-off versus Charlie Coyle in neutral zone.
0:55 of 2nd period - Mats Zuccarello is hit by Joel Farabee and loses puck.
1:02 of 2nd period - Slapshot by Jani Hakanpaa.
1:02 of 2nd period - Shot Blocked by Luke Kunin.
1:04 of 2nd period - Snap shot by Charlie Coyle.
1:04 of 2nd period - Shot Blocked by Samuel Girard.
1:06 of 2nd period - Snap shot by Mats Zuccarello.
1:06 of 2nd period - Shot Misses the Net.
1:08 of 2nd period - Wrist shot by Mats Zuccarello.
1:08 of 2nd period - Stopped by Leevi Merilainen without a rebound.
1:09 of 2nd period - Tyler Seguin wins face-off versus Pavel Zacha in Boston Bruins zone.
1:12 of 2nd period - Snap shot by Tyler Seguin.
1:12 of 2nd period - Deflect By Mason McTavish.
1:12 of 2nd period - Shot Blocked by Pavel Zacha.
1:12 of 2nd period - Puck is out of play.
1:13 of 2nd period - Tyler Seguin wins face-off versus Pavel Zacha in Boston Bruins zone.
2:04 of 2nd period - Snap shot by Erik Haula.
2:04 of 2nd period - Stopped by Leevi Merilainen without a rebound.
2:05 of 2nd period - Pavel Zacha wins face-off versus Erik Haula in Boston Bruins zone.
2:20 of 2nd period - Wrist shot by Pavel Zacha.
2:20 of 2nd period - Stopped by Carter Hart without a rebound.
2:21 of 2nd period - David Krejci wins face-off versus Mats Zuccarello in Arizona Coyotes zone.
2:28 of 2nd period - Wrist shot by David Krejci.
2:28 of 2nd period - Shot Misses the Net.
2:54 of 2nd period - Cam York is hit by Jani Hakanpaa and loses puck.
3:31 of 2nd period - Jakob Silfverberg is hit by Luke Kunin and loses puck.
4:39 of 2nd period - Brayden McNabb is hit by Pavel Zacha and loses puck.
5:10 of 2nd period - Wrist shot by Joel Farabee.
5:10 of 2nd period - Stopped by Carter Hart with a rebound.
5:12 of 2nd period - Snap shot by Luke Kunin.
5:12 of 2nd period - Shot Misses the Net.
5:14 of 2nd period - Backhand shot by David Krejci.
5:14 of 2nd period - Goal by David Krejci - Arizona Coyotes : 2 - Boston Bruins : 1.
5:15 of 2nd period - Charlie Coyle wins face-off versus David Krejci in neutral zone.
5:18 of 2nd period - Joel Farabee is hit by Charlie Coyle and loses puck.
5:25 of 2nd period - Wrist shot by Mats Zuccarello.
5:25 of 2nd period - Shot Misses the Net.
5:27 of 2nd period - Snap shot by Claude Giroux.
5:27 of 2nd period - Shot Misses the Net.
5:29 of 2nd period - Snap shot by Mats Zuccarello.
5:29 of 2nd period - Deflect By Charlie Coyle.
5:29 of 2nd period - Goal by Charlie Coyle - Arizona Coyotes : 3 - Boston Bruins : 1.
5:30 of 2nd period - Charlie Coyle wins face-off versus Pavel Zacha in neutral zone.
6:17 of 2nd period - Snap shot by Pavel Zacha.
6:17 of 2nd period - Stopped by Carter Hart with a rebound.
6:19 of 2nd period - Slapshot by Anthony Beauvillier.
6:19 of 2nd period - Stopped by Carter Hart with a rebound.
6:27 of 2nd period - Slapshot by Anthony Beauvillier.
6:27 of 2nd period - Shot Misses the Net.
6:29 of 2nd period - Wrist shot by Matt Grzelcyk.
6:29 of 2nd period - Shot Blocked by Jared Spurgeon.
6:31 of 2nd period - Slapshot by Samuel Bolduc.
6:31 of 2nd period - Stopped by Carter Hart without a rebound.
6:32 of 2nd period - Charlie Coyle wins face-off versus David Krejci in Arizona Coyotes zone.
7:25 of 2nd period - Snap shot by Charlie McAvoy.
7:25 of 2nd period - Shot Misses the Net.
8:04 of 2nd period - Icing by Johnathan Kovacevic.
8:05 of 2nd period - Charlie Coyle wins face-off versus Pavel Zacha in Arizona Coyotes zone.
8:28 of 2nd period - Snap shot by Mats Zuccarello.
8:28 of 2nd period - Shot Misses the Net.
8:30 of 2nd period - Slapshot by Radko Gudas.
8:30 of 2nd period - Stopped by Leevi Merilainen with a rebound.
8:32 of 2nd period - Slapshot by Radko Gudas.
8:32 of 2nd period - Deflect By Mats Zuccarello.
8:32 of 2nd period - Stopped by Leevi Merilainen with a rebound.
8:34 of 2nd period - Wrist shot by Claude Giroux.
8:34 of 2nd period - Deflect By Charlie Coyle.
8:34 of 2nd period - Shot Misses the Net.
8:34 of 2nd period - Puck is out of play.
8:35 of 2nd period - David Krejci wins face-off versus Tyler Seguin in Boston Bruins zone.
9:02 of 2nd period - Cam York is hit by Brandon Tanev and loses puck.
9:59 of 2nd period - Brandon Hagel is hit by Charlie Coyle and loses puck.
10:22 of 2nd period - Wrist shot by Brandon Tanev.
10:22 of 2nd period - Shot Misses the Net.
10:40 of 2nd period - Wrist shot by John-Jason Peterka.
10:40 of 2nd period - Stopped by Carter Hart without a rebound.
10:41 of 2nd period - Charlie Coyle wins face-off versus Pavel Zacha in Arizona Coyotes zone.
10:41 of 2nd period - Charlie Coyle is hit by Anthony Beauvillier.
10:51 of 2nd period - Snap shot by Claude Giroux.
10:51 of 2nd period - Stopped by Leevi Merilainen with a rebound.
11:43 of 2nd period - Slapshot by Ryan Donato.
11:43 of 2nd period - Shot Hit the Post.
12:01 of 2nd period - Snap shot by Morgan Geekie.
12:01 of 2nd period - Deflect By Jakob Silfverberg.
12:01 of 2nd period - Shot Misses the Net.
12:01 of 2nd period - Puck is out of play.
12:02 of 2nd period - Charlie Coyle wins face-off versus David Krejci in Arizona Coyotes zone.
12:33 of 2nd period - Wrist shot by Mason McTavish.
12:33 of 2nd period - Stopped by Leevi Merilainen with a rebound.
12:35 of 2nd period - Slapshot by Johnathan Kovacevic.
12:35 of 2nd period - Deflect By Mason McTavish.
12:35 of 2nd period - Goal by Mason McTavish - Arizona Coyotes : 4 - Boston Bruins : 1.
12:36 of 2nd period - Tyler Seguin wins face-off versus David Krejci in neutral zone.
12:46 of 2nd period - Minor Penalty to Charlie McAvoy for Diving.
12:47 of 2nd period - Tyler Seguin wins face-off versus Brandon Hagel in Boston Bruins zone.
12:49 of 2nd period - Snap shot by James van Riemsdyk.
12:49 of 2nd period - Shot Misses the Net.
12:51 of 2nd period - Slapshot by James van Riemsdyk.
12:51 of 2nd period - Shot Misses the Net.
13:33 of 2nd period - Pavel Zacha is hit by Brayden McNabb and loses puck.
14:46 of 2nd period - Penalty to Charlie McAvoy is over, Charlie McAvoy is back on ice.
14:54 of 2nd period - Wrist shot by Otto Koivula.
14:54 of 2nd period - Stopped by Carter Hart without a rebound.
14:55 of 2nd period - Otto Koivula wins face-off versus Erik Haula in Arizona Coyotes zone.
14:56 of 2nd period - Snap shot by Morgan Geekie.
14:56 of 2nd period - Shot Blocked by Radko Gudas.
14:58 of 2nd period - Slapshot by Samuel Bolduc.
14:58 of 2nd period - Stopped by Carter Hart without a rebound.
14:59 of 2nd period - Morgan Geekie wins face-off versus Logan Shaw in Arizona Coyotes zone.
15:04 of 2nd period - Wrist shot by Jack Studnicka.
15:04 of 2nd period - Goal by Jack Studnicka - Arizona Coyotes : 4 - Boston Bruins : 2.
15:05 of 2nd period - Claude Giroux wins face-off versus David Krejci in neutral zone.
15:07 of 2nd period - Minor Penalty to Dmitry Orlov for Interference.
15:08 of 2nd period - Charlie Coyle wins face-off versus Pavel Zacha in Arizona Coyotes zone.
15:18 of 2nd period - Snap shot by Anthony Beauvillier.
15:18 of 2nd period - Shot Blocked by Jani Hakanpaa.
15:20 of 2nd period - Slapshot by Tyson Barrie.
15:20 of 2nd period - Shot Blocked by Jani Hakanpaa.
15:22 of 2nd period - Slapshot by Tyson Barrie.
15:22 of 2nd period - Stopped by Carter Hart with a rebound.
15:24 of 2nd period - Slapshot by Charlie McAvoy.
15:24 of 2nd period - Deflect By Mats Zuccarello.
15:24 of 2nd period - Stopped by Carter Hart without a rebound.
15:25 of 2nd period - Charlie Coyle wins face-off versus Joel Farabee in Arizona Coyotes zone.
15:57 of 2nd period - Snap shot by Claude Giroux.
15:57 of 2nd period - Stopped by Leevi Merilainen with a rebound.
17:07 of 2nd period - Penalty to Dmitry Orlov is over, Dmitry Orlov is back on ice.
17:19 of 2nd period - John-Jason Peterka is hit by Radko Gudas and loses puck.
17:58 of 2nd period - Radko Gudas is hit by Pavel Zacha and loses puck.
18:45 of 2nd period - Morgan Geekie is hit by James van Riemsdyk and loses puck.
19:02 of 2nd period - Snap shot by Tyson Barrie.
19:02 of 2nd period - Shot Misses the Net.
19:21 of 2nd period - Icing by Dmitry Orlov.
19:22 of 2nd period - Erik Haula wins face-off versus David Krejci in Arizona Coyotes zone.
19:27 of 2nd period - Jani Hakanpaa is hit by Luke Kunin and loses puck.
19:34 of 2nd period - Wrist shot by Joel Farabee.
19:34 of 2nd period - Stopped by Carter Hart without a rebound.
19:35 of 2nd period - David Krejci wins face-off versus Tyler Seguin in Arizona Coyotes zone.
19:36 of 2nd period - Wrist shot by Joel Farabee.
19:36 of 2nd period - Stopped by Carter Hart with a rebound.
19:38 of 2nd period - Slapshot by Samuel Girard.
19:38 of 2nd period - Stopped by Carter Hart without a rebound.
19:39 of 2nd period - David Krejci wins face-off versus Tyler Seguin in Arizona Coyotes zone.
19:55 of 2nd period - Icing by Tyler Seguin.
19:56 of 2nd period - Mason McTavish wins face-off versus Pavel Zacha in Arizona Coyotes zone.
Goals for this period are 3 for Arizona Coyotes vs 2 for Boston Bruins.
Shots for this period are 11 for Arizona Coyotes vs 15 for Boston Bruins.
3rd period
0:01 of 3rd period - Charlie Coyle wins face-off versus Anthony Beauvillier in neutral zone.
0:10 of 3rd period - Snap shot by Charlie Coyle.
0:10 of 3rd period - Shot Hit the Post.
0:12 of 3rd period - Snap shot by Charlie Coyle.
0:12 of 3rd period - Shot Blocked by Samuel Girard.
0:26 of 3rd period - Anthony Beauvillier is hit by Ondrej Palat and loses puck.
0:33 of 3rd period - Brayden McNabb is hit by Pavel Zacha and loses puck.
0:46 of 3rd period - Wrist shot by Brandon Hagel.
0:46 of 3rd period - Deflect By Anthony Beauvillier.
0:46 of 3rd period - Stopped by Carter Hart without a rebound.
0:47 of 3rd period - David Krejci wins face-off versus Charlie Coyle in Arizona Coyotes zone.
1:12 of 3rd period - Ryan Donato is hit by Dmitry Orlov and loses puck.
1:33 of 3rd period - Snap shot by Logan Shaw.
1:33 of 3rd period - Stopped by Leevi Merilainen with a rebound.
1:35 of 3rd period - Slapshot by Jani Hakanpaa.
1:35 of 3rd period - Shot Misses the Net.
1:37 of 3rd period - Wrist shot by Jani Hakanpaa.
1:37 of 3rd period - Shot Misses the Net.
1:39 of 3rd period - Wrist shot by Logan Shaw.
1:39 of 3rd period - Stopped by Leevi Merilainen without a rebound.
1:40 of 3rd period - David Krejci wins face-off versus Charlie Coyle in Boston Bruins zone.
1:40 of 3rd period - David Krejci is hit by Claude Giroux.
1:50 of 3rd period - Claude Giroux is hit by David Krejci and loses puck.
2:34 of 3rd period - Slapshot by Charlie McAvoy.
2:34 of 3rd period - Shot Blocked by Johnathan Kovacevic.
2:36 of 3rd period - Slapshot by Ryan Donato.
2:36 of 3rd period - Stopped by Carter Hart without a rebound.
2:37 of 3rd period - David Krejci wins face-off versus Charlie Coyle in Arizona Coyotes zone.
3:43 of 3rd period - Icing by Samuel Girard.
3:44 of 3rd period - Alex Belzile wins face-off versus Ryan Donato in Boston Bruins zone.
3:55 of 3rd period - Snap shot by Mason McTavish.
3:55 of 3rd period - Stopped by Leevi Merilainen with a rebound.
4:00 of 3rd period - Off-side.
4:01 of 3rd period - Charlie Coyle wins face-off versus David Krejci in neutral zone.
4:06 of 3rd period - Snap shot by Jared Spurgeon.
4:06 of 3rd period - Stopped by Leevi Merilainen without a rebound.
4:07 of 3rd period - Charlie Coyle wins face-off versus David Krejci in Boston Bruins zone.
4:14 of 3rd period - Wrist shot by Mats Zuccarello.
4:14 of 3rd period - Shot Blocked by Samuel Bolduc.
4:16 of 3rd period - Slapshot by Brayden McNabb.
4:16 of 3rd period - Stopped by Leevi Merilainen without a rebound.
4:17 of 3rd period - David Krejci wins face-off versus Tyler Seguin in Boston Bruins zone.
4:22 of 3rd period - Wrist shot by David Krejci.
4:22 of 3rd period - Stopped by Carter Hart with a rebound.
4:43 of 3rd period - Brandon Hagel is hit by Charlie Coyle and loses puck.
5:26 of 3rd period - Slapshot by Charlie McAvoy.
5:26 of 3rd period - Stopped by Carter Hart with a rebound.
6:12 of 3rd period - Logan Shaw is hit by Brandon Hagel and loses puck.
6:33 of 3rd period - Snap shot by Ryan Donato.
6:33 of 3rd period - Shot Hit the Post.
6:43 of 3rd period - Backhand shot by Jakob Silfverberg.
6:43 of 3rd period - Stopped by Leevi Merilainen without a rebound.
6:44 of 3rd period - David Krejci wins face-off versus Tyler Seguin in Boston Bruins zone.
6:50 of 3rd period - Charlie McAvoy is hit by James van Riemsdyk and loses puck.
6:57 of 3rd period - Snap shot by Mason McTavish.
6:57 of 3rd period - Deflect By Tyson Barrie.
6:57 of 3rd period - Goal by Mason McTavish - Arizona Coyotes : 5 - Boston Bruins : 2.
6:58 of 3rd period - Pavel Zacha wins face-off versus Claude Giroux in neutral zone.
7:25 of 3rd period - Snap shot by Ondrej Palat.
7:25 of 3rd period - Stopped by Leevi Merilainen with a rebound.
7:27 of 3rd period - Snap shot by Ondrej Palat.
7:27 of 3rd period - Stopped by Leevi Merilainen without a rebound.
7:28 of 3rd period - David Krejci wins face-off versus Erik Haula in Boston Bruins zone.
7:28 of 3rd period - David Krejci is hit by Ondrej Palat.
7:31 of 3rd period - Minor Penalty to Joel Farabee for Slashing.
7:32 of 3rd period - Tyler Seguin wins face-off versus David Krejci in Boston Bruins zone.
7:40 of 3rd period - Snap shot by Tyler Seguin.
7:40 of 3rd period - Deflect By Anthony Beauvillier.
7:40 of 3rd period - Shot Misses the Net.
7:40 of 3rd period - Puck is out of play.
7:41 of 3rd period - Tyler Seguin wins face-off versus David Krejci in Boston Bruins zone.
7:48 of 3rd period - Snap shot by Mason McTavish.
7:48 of 3rd period - Shot Misses the Net.
8:08 of 3rd period - Snap shot by Mason McTavish.
8:08 of 3rd period - Shot Misses the Net.
8:10 of 3rd period - Slapshot by Brayden McNabb.
8:10 of 3rd period - Deflect By Cam York.
8:10 of 3rd period - Stopped by Leevi Merilainen with a rebound.
8:12 of 3rd period - Slapshot by Jared Spurgeon.
8:12 of 3rd period - Shot Misses the Net.
8:14 of 3rd period - Slapshot by James van Riemsdyk.
8:14 of 3rd period - Shot Blocked by Samuel Girard.
9:11 of 3rd period - Snap shot by James van Riemsdyk.
9:11 of 3rd period - Goal by James van Riemsdyk - Arizona Coyotes : 6 - Boston Bruins : 2.
9:12 of 3rd period - Charlie Coyle wins face-off versus Ryan Donato in neutral zone.
11:31 of 3rd period - James van Riemsdyk is hit by Matt Grzelcyk and loses puck.
11:36 of 3rd period - Slapshot by Charlie McAvoy.
11:36 of 3rd period - Shot Blocked by Tyler Seguin.
12:01 of 3rd period - Icing by Morgan Geekie.
12:02 of 3rd period - Erik Haula wins face-off versus David Krejci in Boston Bruins zone.
12:37 of 3rd period - Snap shot by Anthony Beauvillier.
12:37 of 3rd period - Shot Blocked by James van Riemsdyk.
12:39 of 3rd period - Slapshot by Brandon Hagel.
12:39 of 3rd period - Stopped by Carter Hart with a rebound.
12:41 of 3rd period - Slapshot by Anthony Beauvillier.
12:41 of 3rd period - Stopped by Carter Hart with a rebound.
12:48 of 3rd period - Icing by Radko Gudas.
12:49 of 3rd period - Tyler Seguin wins face-off versus Ryan Donato in Arizona Coyotes zone.
12:58 of 3rd period - Mats Zuccarello is hit by Joe Veleno.
13:20 of 3rd period - Snap shot by Erik Haula.
13:20 of 3rd period - Stopped by Leevi Merilainen without a rebound.
13:21 of 3rd period - David Krejci wins face-off versus Tyler Seguin in Boston Bruins zone.
13:21 of 3rd period - David Krejci is hit by Jared Spurgeon.
14:07 of 3rd period - Charlie Coyle is hit by Jack Studnicka and loses puck.
14:21 of 3rd period - Dmitry Orlov is hit by Morgan Geekie and loses puck.
14:42 of 3rd period - Snap shot by Mats Zuccarello.
14:42 of 3rd period - Stopped by Leevi Merilainen without a rebound.
14:43 of 3rd period - Pavel Zacha wins face-off versus Tyler Seguin in Boston Bruins zone.
14:45 of 3rd period - Minor Penalty to Tyson Barrie for Hooking.
14:46 of 3rd period - Tyler Seguin wins face-off versus Brandon Hagel in Boston Bruins zone.
16:41 of 3rd period - Charlie McAvoy is hit by Jani Hakanpaa.
16:45 of 3rd period - Penalty to Tyson Barrie is over, Tyson Barrie is back on ice.
17:03 of 3rd period - Off-side.
17:04 of 3rd period - Logan Shaw wins face-off versus Ryan Donato in neutral zone.
17:10 of 3rd period - Icing by Tyson Barrie.
17:11 of 3rd period - James van Riemsdyk wins face-off versus Ryan Donato in Boston Bruins zone.
17:37 of 3rd period - Snap shot by Joe Veleno.
17:37 of 3rd period - Shot Blocked by Johnathan Kovacevic.
18:05 of 3rd period - Snap shot by Anthony Beauvillier.
18:05 of 3rd period - Stopped by Carter Hart without a rebound.
18:06 of 3rd period - Tyler Seguin wins face-off versus Pavel Zacha in Arizona Coyotes zone.
18:58 of 3rd period - Minor Penalty to Jani Hakanpaa for Unsportsmanlike conduct.
18:59 of 3rd period - David Krejci wins face-off versus Charlie Coyle in Arizona Coyotes zone.
19:05 of 3rd period - Slapshot by Joel Farabee.
19:05 of 3rd period - Stopped by Carter Hart with a rebound.
Goals for this period are 2 for Arizona Coyotes vs 0 for Boston Bruins.
Shots for this period are 13 for Arizona Coyotes vs 8 for Boston Bruins.
Back to the Top